 Dungeon Sprint DCSS version 0.30-a0-779-g7971cf19c3 (webtiles) character file.

Game seed: 9427207808628521929

4028 dialectric the Imperceptible (level 10, -21/57 HPs)
             Began as a Spriggan Brigand on Feb 17, 2023.
             Was an Initiate of Jiyva.
             Demolished by a manticore (23 damage)
             ... in the Dungeon (Sprint II: "The Violet Keep of Menkaure").
             The game lasted 00:05:51 (721 turns).

dialectric the Imperceptible (Spriggan Brigand)      Turns: 721, Time: 00:05:52

Health: -21/57     AC:  3    Str:  7    XL:     10   Next: 4%
Magic:  11/11      EV: 29    Int: 14    God:    Jiyva [......]
Gold:   453        SH:  0    Dex: 23    Spells: 9/9 levels left

rFire   . . .      SeeInvis +    l - +2 dagger of Severance {freeze, +Blink Dex+5}
rCold   . . .      Faith    .    (no shield)
rNeg    . . .      Spirit   .    b - +0 robe
rPois   .          Reflect  .    (helmet restricted)
rElec   .          Harm     .    c - +0 cloak
rCorr   .          Rampage  .    (gloves unavailable)
Will    +....      NoTele   +    (boots unavailable)
Stlth   +++++++++                (no amulet)
HPRegen 0.29/turn                (no ring)
MPRegen 0.12/turn                (no ring)

@: flying (expiring), very quick
A: very small, no large weapons, unfitting armour, see invisible, speed 3, weak
1
a: Renounce Religion, Evoke Blink


You were in the Dungeon.
You worshipped Jiyva.
Jiyva was noncommittal.
You visited 1 branch You collected 1153 gold pieces.
You spent 700 gold pieces at shops.

Inventory:

Hand Weapons
 a - a +2 dagger
 l - the +2 dagger of Severance (weapon) {freeze, +Blink Dex+5}
   (You bought it in a shop in the Dungeon)

   Dex:       It affects your dexterity (+5).
   +Blink:    It lets you blink.
Missiles
 d - 5 poisoned darts (quivered)
 e - 3 curare-tipped darts
Armour
 b - a +0 robe (worn)
 c - a +0 cloak (worn)
Potions
 h - a potion of haste
 i - 2 potions of magic


   Skills:
 + Level 8.5 Fighting
 + Level 13.7 Short Blades
 - Level 3.3 Throwing
 + Level 12.2 Dodging
 + Level 22.2 Stealth


You had 9 spell levels left.
You didn't know any spells.
Your spell library contained the following spells:

 Spells                   Type           Power      Damage    Failure   Level
 Apportation              Tloc           0%         N/A       28%         1
 Alistair's Intoxication  Tmut/Pois      0%         N/A       100%        5


Dungeon Overview and Level Annotations

Branches:
Dungeon (1/1)

Altars:
Cheibriados
Dithmenos
Elyvilon
Fedhas
Gozag
Hepliaklqana
Kikubaaqudgha
Makhleb
Nemelex Xobeh
Okawaru
Qazlal
Ru
Sif Muna
Trog
Uskayaw
Vehumet
Wu Jian
Xom
Yredelemnul
Zin
The Shining One
Jiyva
Lugonu

Shops:
D =[:!!(=[:(??[=?

Annotations:
D exclusions: obsidian statue and oklob plant


Innate Abilities, Weirdness & Mutations

You are very small and have problems with some larger weapons.
You are too small for most types of armour.
You have supernaturally acute eyesight. (SInv)
You cover ground extremely quickly. (Speed+++)
You are weak. (Str -2)


Message History

The manticore completely misses you. x2; The manticore barely misses you.
The wyvern completely misses you. The yak completely misses you.
Unknown command.
You barely miss the death drake.
The death drake is moderately wounded.
The death drake bites you.
You completely miss the death drake.
The death drake is moderately wounded.
The wyvern completely misses you. The yak closely misses you.
The manticore closely misses you. The manticore claws you.
The manticore claws you!
* * * LOW HITPOINT WARNING * * *
You feel better. The wyvern completely misses you.
The death drake barely misses you. The wyvern misses you.
The manticore completely misses you. x3; The yak completely misses you.
You feel much better. The wyvern completely misses you.
The death drake barely misses you. The yak misses you.
The manticore completely misses you. x2
The manticore claws you but does no damage.
You hit the death drake. You freeze the death drake.
The death drake is moderately wounded.
The wyvern bites you.
Unknown command.
You puncture the death drake! You freeze the death drake.
The death drake is moderately wounded.
The death drake closely misses you. The yak misses you. The wyvern bites you!!
The manticore completely misses you. x2; The manticore barely misses you.
Unknown command.
You puncture the death drake!
The death drake seems to slow down.
You freeze the death drake.
The death drake is heavily wounded.
Unknown command.
You hit the death drake. You freeze the death drake.
The death drake is heavily wounded.
The wyvern bites you!
* * * LOW HITPOINT WARNING * * *
The death drake completely misses you. The yak gores you!
* * * LOW HITPOINT WARNING * * *
The manticore bites you!!
You die...

#)l$..$.. .$....E #⌠$...#
#$$($# ##''## ##≈..H### #
#)≈.EYll# #++ ####lYYH# ## ...
.. #..'9Hl@# k# ~.##+#
..#..####k# .#
~###.###.####....##9# ~#..#..#
...#..#..°#
###.#.####..#####..# .# )[!
÷###'###.##..#.°°^.# .#▓))?[(
..##.####.#§.#..#..# .#▓?$!!!
#.+.<.+.##'..####..##c#▓)(?[!$(
..##.##.h.#.y.§###...##▓▓▓▓▓▓▓+


You could see an iron elemental, a death drake (slow, misshapen), a crystal
guardian, 3 manticores, 3 yaks and 4 wyverns.

Vanquished Creatures
  A deep elf master archer (D)
  2 shining eyes (D)
  2 unseen horrors (D)
  A hornet (D)
  3 wyverns (D)
  Menkaure (D)
  3 black bears (D)
  A swamp drake (D)
  5 scorpions (D)
  4 necrophages (D)
  3 worms (D)
26 creatures vanquished.

Vanquished Creatures (others)
  A great orb of eyes (D)
  A shining eye (D)
  3 slime creatures (D)
  A golden eye (D)
  2 water moccasins (D)
  4 jellies (D)
12 creatures vanquished.

Grand Total: 38 creatures vanquished

Notes
Turn   | Place    | Note
-------+----------+-------------------------------------------
     0 | D        | dialectric the Spriggan Brigand began the quest for the
                  | Orb.
     0 | D        | Reached XP level 1. HP: 10/10 MP: 2/2
     1 | D        | Noticed a scorpion
     1 | D        | Noticed a scorpion
     1 | D        | Noticed a scorpion
     1 | D        | Noticed a scorpion
     5 | D        | Killed a scorpion
     6 | D        | Reached skill level 12 in Stealth
     6 | D        | Reached XP level 2. HP: 15/15 MP: 3/3
     6 | D        | Reached XP level 3. HP: 18/18 MP: 4/4
    10 | D        | Killed a scorpion
    11 | D        | Reached skill level 5 in Dodging
    11 | D        | Reached XP level 4. HP: 23/23 MP: 5/5
    19 | D        | Killed a scorpion
    20 | D        | Reached XP level 5. HP: 29/29 MP: 6/6
    28 | D        | Reached skill level 5 in Short Blades
    77 | D        | Killed a water moccasin
   113 | D        | Noticed a wyvern
   113 | D        | Noticed a wyvern
   116 | D        | Killed a wyvern
   117 | D        | Reached skill level 10 in Dodging
   117 | D        | Reached XP level 6. HP: 36/36 MP: 7/7
   119 | D        | Killed a wyvern
   120 | D        | Reached skill level 13 in Stealth
   120 | D        | Reached XP level 7. HP: 40/40 MP: 8/8
   130 | D        | Reached skill level 14 in Stealth
   133 | D        | Found Oqasaomu's Magic Scroll Shop.
   134 | D        | Found Boedicaa's Jewellery Boutique.
   134 | D        | Found Apasam's Magic Scroll Shop.
   134 | D        | Found Owastiog's Magic Scroll Shop.
   134 | D        | Found Roycieci's Book Boutique.
   134 | D        | Found Azecwue's Antique Weapon Boutique.
   134 | D        | Found Fujaoxue's Jewellery Shop.
   134 | D        | Found Acvuug's Antique Armour Shop.
   135 | D        | Found Woaw's Weapon Shop.
   136 | D        | Found Amuheil's Antique Armour Boutique.
   136 | D        | Noticed a cane toad
   136 | D        | Noticed a cane toad
   137 | D        | Found Nuxtips's Distillery.
   137 | D        | Found Hesat's Distillery.
   137 | D        | Noticed Menkaure
   137 | D        | Noticed an oklob plant
   137 | D        | Noticed a polar bear
   138 | D        | Found Uristirgh's Antique Armour Shop.
   138 | D        | Found Pytakh's Jewellery Boutique.
   138 | D        | Found Cugah's Book Shoppe.
   139 | D        | Noticed a polar bear
   177 | D        | Killed Menkaure
   178 | D        | Reached skill level 15 in Stealth
   332 | D        | Noticed a hell hog
   335 | D        | Bought a potion of flight for 30 gold pieces
   335 | D        | Noticed a hell hog
   341 | D        | Bought the +2 dagger of Severance {freeze, +Blink Dex+5}
                  | for 419 gold pieces
   364 | D        | Found a glowing golden altar of the Shining One.
   364 | D        | Found an ornate altar of the Wu Jian Council.
   365 | D        | Found a shimmering altar of Xom.
   365 | D        | Found a sacrificial altar of Ru.
   366 | D        | Found a basalt altar of Yredelemnul.
   366 | D        | Found a shimmering blue altar of Sif Muna.
   366 | D        | Found a stormy altar of Qazlal.
   366 | D        | Found a viscous altar of Jiyva.
   367 | D        | Found a glowing silver altar of Zin.
   367 | D        | Found a bloodstained altar of Trog.
   367 | D        | Found an ancient bone altar of Kikubaaqudgha.
   368 | D        | Found a hide-covered altar of Uskayaw.
   368 | D        | Found a corrupted altar of Lugonu.
   368 | D        | Found a shadowy altar of Dithmenos.
   369 | D        | Found a radiant altar of Vehumet.
   369 | D        | Found a burning altar of Makhleb.
   369 | D        | Found a white marble altar of Elyvilon.
   370 | D        | Found a sparkling altar of Nemelex Xobeh.
   370 | D        | Found a blossoming altar of Fedhas.
   376 | D        | Reached skill level 10 in Short Blades
   376 | D        | Reached skill level 16 in Stealth
   376 | D        | Reached XP level 8. HP: 43/45 MP: 9/9
   387 | D        | Noticed a shining eye
   388 | D        | Noticed a shining eye
   388 | D        | Noticed a shining eye
   389 | D        | Killed a shining eye
   390 | D        | Reached skill level 17 in Stealth
   390 | D        | Killed a shining eye
   391 | D        | Reached skill level 18 in Stealth
   391 | D        | Gained mutation: You are weak. (Str -2) [a shining eye]
   405 | D        | Noticed an unseen horror
   405 | D        | Noticed an unseen horror
   407 | D        | Killed an unseen horror
   408 | D        | Reached skill level 19 in Stealth
   408 | D        | Reached XP level 9. HP: 51/51 MP: 10/10
   409 | D        | Killed an unseen horror
   410 | D        | Reached skill level 20 in Stealth
   417 | D        | Noticed a deep elf master archer
   428 | D        | Found an iron altar of Okawaru.
   428 | D        | Found an opulent altar of Gozag.
   428 | D        | Found a hazy altar of Hepliaklqana.
   428 | D        | Found a snail-covered altar of Cheibriados.
   428 | D        | Noticed a polar bear
   428 | D        | Noticed a polar bear
   428 | D        | Noticed a polar bear
   435 | D        | Became a worshipper of Jiyva Jimoddy the Shapeless
   436 | D        | Noticed a yaktaur
   439 | D        | Killed a great orb of eyes
   516 | D        | Bought a scroll of blinking for 75 gold pieces
   522 | D        | Bought a book of Party Tricks for 176 gold pieces
   599 | D        | Noticed an obsidian statue
   616 | D        | Noticed a death drake
   645 | D        | Noticed a crystal guardian
   678 | D        | Killed a shining eye
   682 | D        | Killed a deep elf master archer
   683 | D        | Reached skill level 22 in Stealth
   683 | D        | Reached XP level 10. HP: 57/57 MP: 11/11
   686 | D        | Noticed a manticore
   686 | D        | Noticed a manticore
   686 | D        | Noticed a manticore
   687 | D        | Noticed an iron elemental
   721 | D        | HP: 2/57 [yak (11)]
   721 | D        | Demolished by a manticore

Illustrated notes

Levels and vault maps discovered:
D:        the_violet_keep_of_menkaure [sprint2_stairs_cluster_1,
          sprint2_shoproom, sprint2_temple, sprint2_basic_supplies,
          sprint2_obstacle_3, sprint2_obstacle_2, sprint2_obstacle_5,
          sprint2_obstacle_7, sprint2_obstacle_6, sprint2_timed_cluster_1,
          sprint2_smallroom_cluster_1, sprint2_smallroom_final_cluster_1,
          sprint2_transparent_cluster_1, sprint2_second_timed_cluster_1,
          sprint2_sniper_area_1, sprint2_heavy_combat_area_1,
          sprint2_mutation_trap_area_1, sprint2_forest_area_1,
          sprint2_light_combat_area_1, sprint2_behind_water_1,
          sprint2_near_end_vault_1]

Skill      XL: |  1  2  3  4  5  6  7  8  9 |
---------------+----------------------------+-----
Fighting       | 2 3 6 7 8 |  8.5
Stealth        | 12 13 16 19 22 | 22.2
Short Blades   | 3 4 6 7 10 12 13 | 13.7
Throwing       | 3 |  3.3
Dodging        | 5 7 10 11 12 | 12.2

Action                     |  1- 3 |  4- 6 |  7- 9 | 10-12 || total
---------------------------+-------+-------+-------+-------++-------
  Melee: Dagger            |     7 |    28 |    91 |    21 ||   147
         Punch             |       |       |     2 |       ||     2
  Throw: Dart              |       |       |     5 |     2 ||     7
    Use: Potion            |     1 |       |     1 |     2 ||     4
         Scroll            |       |       |     1 |     1 ||     2
   Stab: Sleeping          |       |     4 |    11 |       ||    15
 Armour: Robe              |       |       |     4 |     2 ||     6
  Dodge: Dodged            |     4 |    11 |    63 |    56 ||   134

Table legend: (Time is in decaauts)
 A = Elapsed time spent in this place.
 B = Non-inter-level travel time spent in this place.
 C = Inter-level travel time spent in this place.
 D = Time resting spent in this place.
 E = Time spent auto-exploring this place.
 F = Levels seen in this place.
 G = Mean time per level.
                   A        B        C        D        E       F      G
               +--------+--------+--------+--------+--------+-----+--------+
         Total |    574 |    574 |      0 |    258 |      0 |   1 |  574.0 |
       Dungeon |    574 |    574 |      0 |    258 |      0 |   1 |  574.0 |
               +--------+--------+--------+--------+--------+-----+--------+

Top non-repeatable levels by time:
       D: 574 daAuts
